 Dungeon Crawl Stone Soup version 0.16.1-14-g82efdee (webtiles) character file.

25 KarvaRausku the Grave Robber (level 3, -11/22 HPs)
             Began as a Tengu Wanderer on Apr 13, 2015.
             Killed from afar by an adder (17 damage)
             ... with an exploding inner flame
             ... hexed by the player character
             ... on level 2 of the Dungeon.
             The game lasted 00:01:44 (775 turns).

KarvaRausku the Grave Robber (Tengu Wanderer)        Turns: 775, Time: 00:01:44

Health: -11/22     AC:  2    Str: 12    XL:     3   Next: 4%
Magic:  4/4        EV: 12    Int: 13    God:
Gold:   35         SH:  0    Dex: 13    Spells: 0 memorised, 2 levels left

rFire  . . .     SeeInvis .     e - +0 dagger
rCold  . . .     Clarity  .     d - +0 robe
rNeg   . . .     SustAb   .     (no shield)
rPois  .         Gourm    .     (helmet restricted)
rElec  .         Spirit   .     (no cloak)
rCorr  .         Warding  .     (no gloves)
rMut   .         Stasis   .     (boots unavailable)
MR     .....                    (no amulet)
Stlth  +.........               (no ring)
                                (no ring)

@: lethally poisoned (-11 -> -15), not resistant to hostile enchantments, very
unstealthy
A: beak, talons 3
a: no special abilities


You were on level 2 of the Dungeon.
You were not hungry.

You visited 1 branch of the dungeon, and saw 2 of its levels.

You collected 35 gold pieces.

Inventory:

Hand weapons
 e - a +0 dagger (weapon)
Armour
 d - a +0 robe (worn)
Jewellery
 i - an uncursed amulet of resist corrosion {unknown}
Scrolls
 j - a scroll of teleportation {unknown}
 k - a scroll of identify {unknown}
Books
 a - a book of Necromancy

   Spells                             Type                      Level
   a - Pain                           Necromancy                   1
   b - Animate Skeleton               Necromancy                   1
   c - Vampiric Draining              Necromancy                   3
   d - Regeneration                   Charms/Necromancy            3
   e - Animate Dead                   Necromancy                   4
   f - Control Undead                 Necromancy                   4
 b - the Incunabulum of Summoning

   Spells                             Type                      Level
   a - Summon Butterflies             Summoning                    1
   b - Recall                         Summoning/Translocation      3
 c - the Tome of Transmutation

   Spells                             Type                      Level
   a - Beastly Appendage              Transmutation                1
   b - Passwall                       Transmutation/Earth          3
Comestibles
 f - a bread ration
 g - a meat ration


   Skills:
 + Level 2.8 Fighting
 - Level 1.1 Throwing
 + Level 1.6 Dodging
   Level 1.0 Shields
 - Level 1.1 Unarmed Combat
   Level 4.3 Necromancy
   Level 1.0 Transmutations


You had 2 spell levels left.
You didn't know any spells.

Dungeon Overview and Level Annotations

Branches:
Dungeon (2/15)

Altars:


Innate Abilities, Weirdness & Mutations

You have a beak for a mouth.
You have claws for feet.


Message History

You are poisoned.
The adder poisons you! The adder closely misses you.
You barely miss the adder. You peck the adder.
The adder is heavily wounded.
You feel sick. The rat bites you. The adder closely misses you.
You hit the adder.
The adder is almost dead.
The adder barely misses you. The rat bites you.
You hit the adder but do no damage. Your kick misses the adder.
The adder is almost dead.
The adder barely misses you. The rat bites you.
* * * LOW HITPOINT WARNING * * *
The adder misses you.
You are too injured to fight recklessly!
You are too injured to fight recklessly!
You hit the adder.
The adder explodes!
The fiery explosion engulfs you!
Ouch! That really hurt!
You die...

.....#.....##
.....?......##
..........)...#
..............#...#
...........÷........
....................
...................
#.......§§§.....%...
#......@§§.........
##.....#r§...##.%.
############# #.


You could see a rat (inner flame).

Vanquished Creatures
  An adder (D:2)
  2 giant geckos (D:1)
  3 bats (D:1)
  A giant cockroach (D:1)
  2 goblins
  2 hobgoblins (D:1)
  A giant newt (D:1)
  3 kobolds (D:1)
  2 rats
17 creatures vanquished.

Notes
Turn   | Place    | Note
--------------------------------------------------------------
     0 | D:1      | KarvaRausku, the Tengu Wanderer, began the quest for the Orb.
     0 | D:1      | KarvaRausku set off with: a book of Necromancy, the Incunabulum of Summoning, the Tome of Transmutation, a +0 robe, a +0 dagger, a bread ration
     0 | D:1      | Reached XP level 1. HP: 12/12 MP: 1/1
     0 | D:1      | Identified the Incunabulum of Summoning
     0 | D:1      | Identified the Tome of Transmutation
    48 | D:1      | Reached XP level 2. HP: 5/18 MP: 3/3
   295 | D:1      | Reached skill level 1 in Dodging
   520 | D:1      | You fall through a shaft!
   536 | D:2      | Reached XP level 3. HP: 9/22 MP: 4/4
   775 | D:2      | Killed from afar by an adder

Action                   || total
-------------------------++-------
Melee: Dagger            ||    62
  Use: Potion            ||     1
       Scroll            ||     1
 Stab: Sleeping          ||     1
